[Event "Early-Titled-Tuesday-Blitz-February-06-2024"]
[Site "Chess.com"]
[Date "2024.02.06"]
[Round "4"]
[White "EsmeraldasAnderson03"]
[Black "Lennis93"]
[Result "0-1"]
[WhiteElo "2410"]
[BlackElo "2690"]
[TimeControl "180+1"]
[EndTime "8:39:31 PST"]
[Termination "Lennis93 won on time"]

1. d4 e6 2. c4 a6 3. Nc3 Bb4 4. f3 Bxc3+ 5. bxc3 Ne7 6. e3 d6 7. Bd3 O-O 8. Ne2 e5 9. O-O c5 10. Bb2 Nbc6 11. f4 Bg4 12. h3 Bxe2 13. Qxe2 f5 14. fxe5 dxe5 15. d5 Na5 16. Bc2 e4 17. Ba3 b6 18.
Rab1 Rf6 19. Kh1 Nc8 20. Bb3 Nd6 21. Rf2 Rh6 22. Rbf1 Qg5 23. Bc1 Qg3 24. Bd2 Rf8 25. Be1 Qe5 26. Rf4 g5 27. R4f2 Rff6 28. Kg1 Nab7 29.
Ba4 Nd8 30. Bd7 Rf7 31. Ba4 g4 32. Qb2 Nxc4 33. Qe2 b5 34. Bb3 gxh3 35. gxh3 Rxh3 36. Rg2+ Rg7 37. Rxg7+ Qxg7+ 38. Qg2 Nxe3 39. Qxg7+ Kxg7 40. Rf2 c4 41. Bc2 Nxc2 42. Rxc2 Rd3 43. Rg2+ Kf7 44. Bf2 e3 45. Bh4 Rxd5 46. Kf1 f4 47. Rg4 Ne6 48. Ke2 Rd2+ 49. Kf3 Rxa2 50. Ke4 b4 51. cxb4 c3 52. Kd3 c2 53. Rg1 Rb2 54. Rc1 Kg6 55. Kc3 Rb1 56.
Rxc2 Kf5 57. Kd3 Rxb4 0-1

[Event "Early-Titled-Tuesday-Blitz-February-06-2024"]
[Site "Chess.com"]
[Date "2024.02.06"]
[Round "4"]
[White "shimastream"]
[Black "iwanyu"]
[Result "0-1"]
[WhiteElo "3011"]
[BlackElo "2790"]
[TimeControl "180+1"]
[EndTime "8:39:32 PST"]
[Termination "iwanyu won on time"]

1. e4 c6 2. Nc3 d5 3. Qe2 d4 4.
Nd1 e5 5. d3 c5 6. f4 exf4 7.
Bxf4 Nc6 8. Nf3 Bd6 9. e5 Bc7 10. Nf2 Ba5+ 11. Kd1 Nge7 12. Ne4 O-O 13. Nxc5 Nd5 14. g3 Bc3 15. Kc1 Bg4 16. Bg2 Rc8 17. a3 Na5 18. Ne4 Bxb2+ 19. Kxb2 Qb6+ 20. Kc1 Nb3+ 21.
Kb2 Nc3 22. Qe1 Na4+ 23. Kb1 Nd2+ 24. Kc1 Nxf3 25. Qb4 Qc6 26. Ra2 a5 27. Qxa5 Ra8 28.
Qb4 Rfc8 29. Rf1 Qe6 30. Kb1 Qxa2+ 31. Kxa2 Rxc2+ 32. Ka1 Rxg2 33. Rc1 Be6 34. Ng5 Nc3 35. Rxc3 dxc3 36. Qxc3 Nxg5 37. Bxg5 h6 38. Be3 Rc8 0-1

[Event "Early-Titled-Tuesday-Blitz-February-06-2024"]
[Site "Chess.com"]
[Date "2024.02.06"]
[Round "4"]
[White "vovachesss"]
[Black "nindjaxx8"]
[Result "1-0"]
[WhiteElo "2835"]
[BlackElo "2572"]
[TimeControl "180+1"]
[EndTime "8:39:32 PST"]
[Termination "vovachesss won by checkmate"]

1. e4 e6 2. d4 d5 3. Nc3 Bb4 4.
Qd3 dxe4 5. Qxe4 Nf6 6. Qh4 h6 7. Nf3 O-O 8. Bd3 Nd5 9. Bg5 f6 10. Bd2 Qe7 11. O-O Nxc3 12. bxc3 Bd6 13. Rfe1 Nd7 14.
Qe4 f5 15. Qxe6+ Qxe6 16. Rxe6 Nb6 17. Re2 Bd7 18. c4 c5 19. d5 f4 20. Rae1 Bf5 21. Bc3 Rad8 22. Nh4 Bxd3 23. cxd3 Rf7 24. Re6 Na4 25.
Ba1 b5 26. Ng6 bxc4 27. dxc4 Nb6 28. R6e4 Kh7 29. Nh4 g5 30. Nf3 g4 31. Nd2 h5 32. Re6 Kg8 33. Ne4 Be7 34. d6 Bf8 35.
Nf6+ Kg7 36. Nxh5+ Kh7 37. Nf6+ Kg6 38. Nxg4+ Kf5 39. R1e5+ Kxg4 40. Rg6+ Kh4 41. g3+ fxg3 42. fxg3+ Kh3 43. Rh5# 1-0

[Event "Early-Titled-Tuesday-Blitz-February-06-2024"]
[Site "Chess.com"]
[Date "2024.02.06"]
[Round "4"]
[White "ValentinDragnev"]
[Black "ama18"]
[Result "1-0"]
[WhiteElo "2762"]
[BlackElo "2538"]
[TimeControl "180+1"]
[EndTime "8:39:32 PST"]
[Termination "ValentinDragnev won by resignation"]

1. e4 c5 2. Nc3 d6 3. Bb5+ Bd7 4. Bxd7+ Qxd7 5. d4 cxd4 6. Qxd4 Nc6 7. Qd3 g6 8. Nf3 Bg7 9. O-O Nf6 10. Bg5 O-O 11.
Nd5 Nxd5 12. exd5 Ne5 13. Nxe5 Bxe5 14. Rae1 Rfe8 15. c3 Rac8 16. h4 Bf6 17. f4 Kg7 18. f5 h6 19. Bd2 a6 20. fxg6 fxg6 21. h5 Qg4 22. hxg6 Qxg6 23. Qh3 Kh7 24. Rf5 Rc4 25.
Rxf6 Qxf6 26. Re6 Rf4 27. Rxf6 Rxf6 28. Qd7 Ref8 29. Qxe7+ R8f7 30. Qe4+ Kg8 31. Qg4+ Kh7 32. Be3 Rf1+ 33. Kh2 R1f5 34. Qe4 Kg7 35. Bd4+ Kf8 36.
Qe6 Rh5+ 37. Kg1 Rhf5 38. Qxd6+ Kg8 39. Qg6+ Kf8 40. Bc5+ Ke8 41. Qe6+ Kd8 42. Bb6+ 1-0

[Event "Early-Titled-Tuesday-Blitz-February-06-2024"]
[Site "Chess.com"]
[Date "2024.02.06"]
[Round "4"]
[White "KnightmareJoker"]
[Black "viktorskliarov"]
[Result "0-1"]
[WhiteElo "2170"]
[BlackElo "2636"]
[TimeControl "180+1"]
[EndTime "8:39:32 PST"]
[Termination "viktorskliarov won by resignation"]

1. e4 c5 2. Nf3 Nc6 3. d4 cxd4 4.
Nxd4 Nf6 5. Nc3 e5 6. Ndb5 d6 7. Bg5 a6 8. Na3 b5 9. Nd5 Be7 10. Bxf6 Bxf6 11. c3 O-O 12. Be2 Bg5 13. O-O Ne7 14. c4 Nxd5 15. Qxd5 Be6 16. Qd1 b4 17. Nc2 a5 18. Qd3 Qb6 19. b3 g6 20. Bf3 a4 21.
Rfd1 Rfd8 22. g3 h5 23. Ne1 Ra6 24. h4 Be7 25. Nc2 Rda8 26. Kf1 Qc5 27. Ke2 Kg7 28. Qe3 Qa5 29. Qd2 Rb8 30. Ne3 axb3 31. axb3 Qxa1 32. Rxa1 Rxa1 33. Nc2 Rb1 34. Nxb4 Rxb3 35. Nc6 Bxc4+ 36.
Kd1 Rb1+ 37. Kc2 R8b2+ 38. Kc3 Rxd2 39. Kxd2 Kf8 40. Kc2 0-1

[Event "Early-Titled-Tuesday-Blitz-February-06-2024"]
[Site "Chess.com"]
[Date "2024.02.06"]
[Round "4"]
[White "invisible_s0ul"]
[Black "andrzej"]
[Result "0-1"]
[WhiteElo "2232"]
[BlackElo "2425"]
[TimeControl "180+1"]
[EndTime "8:39:32 PST"]
[Termination "andrzej won on time"]

1. e4 e5 2. Nf3 Nf6 3. Nxe5 d6 4. Nf3 Nxe4 5. d4 d5 6. Bd3 Be7 7. O-O Bf5 8. Nbd2 Nd6 9. Bxf5 Nxf5 10. c3 O-O 11. Qc2 g6 12. Ne5 c5 13. Ndf3 Nc6 14.
Be3 Rc8 15. Qd2 Re8 16. Rad1 Bd6 17. Bf4 Qc7 18. Rfe1 cxd4 19. cxd4 Bb4 20. Nxc6 Bxd2 21. Rxe8+ Rxe8 22. Bxc7 Bh6 23. Nce5 Rc8 24. Ba5 Rc2 25. Bc3 b5 26. Ne1 Re2 27. Kf1 Re4 28. f3 Ne3+ 29. Ke2 Rh4 30. Rd3 Nc4 31. h3 b4 32.
Bxb4 Nxe5 33. dxe5 Rxb4 34. Rxd5 Rxb2+ 35. Kf1 Rxa2 36. Rd8+ Kg7 37. Rd7 Ra6 38. Nd3 Be3 39. Ke2 Bg5 40. f4 Bh4 0-1

[Event "Early-Titled-Tuesday-Blitz-February-06-2024"]
[Site "Chess.com"]
[Date "2024.02.06"]
[Round "4"]
[White "CSB7"]
[Black "dropstoneDP"]
[Result "0-1"]
[WhiteElo "2749"]
[BlackElo "3016"]
[TimeControl "180+1"]
[EndTime "8:39:33 PST"]
[Termination "dropstoneDP won by resignation"]

1. d4 d5 2. c4 dxc4 3. e4 e5 4. Nf3 exd4 5. Bxc4 Nc6 6. O-O Be6 7. Bxe6 fxe6 8. Qb3 Qd7 9. Qxb7 Rb8 10. Qa6 Nge7 11. a3 Ng6 12. Nbd2 Bd6 13. b4 O-O 14. Bb2 e5 15. Rac1 Nd8 16. Kh1 Ne6 17. Nc4 Nef4 18.
Ne1 Nh4 19. Rg1 Rf6 20. Nxd6 cxd6 21. Qc4+ Rf7 22. Rc2 Kh8 23. Bc1 Nhg6 24. Bxf4 Nxf4 25. Nd3 Nxd3 26. Qxd3 Rbf8 27. f3 g5 28. Rf1 g4 29.
Rcf2 Qc6 30. Kg1 d5 31. exd5 Qxd5 32. fxg4 Rxf2 33. Rxf2 Rxf2 34. Kxf2 e4 35. Qc2 e3+ 36. Ke1 d3 37. Qc5 d2+ 38. Kd1 e2+ 39. Kxe2 d1=Q+ 0-1

[Event "Early-Titled-Tuesday-Blitz-February-06-2024"]
[Site "Chess.com"]
[Date "2024.02.06"]
[Round "4"]
[White "LaPiToB"]
[Black "Attacker_2006"]
[Result "0-1"]
[WhiteElo "2308"]
[BlackElo "2499"]
[TimeControl "180+1"]
[EndTime "8:39:33 PST"]
[Termination "Attacker_2006 won by resignation"]

1. d4 d5 2. c4 e6 3. Nf3 Nf6 4. Nc3 Nbd7 5. e3 c5 6. dxc5 Bxc5 7. cxd5 Nxd5 8. Nxd5 exd5 9. Qxd5 O-O 10. Bd2 Qe7 11. Bc3 Rd8 12. Be2 Bb4 13. O-O Bxc3 14. bxc3 Nf6 15. Qg5 h6 16. Qh4 Bf5 17. Nd4 Bg6 18. Bf3 Rac8 19. Rfc1 Be4 20. a4 Bxf3 21. gxf3 Qe5 22.
Kh1 Nd5 23. Rg1 Rd6 24. Rg4 Rg6 25. Rag1 Ne7 26. f4 Qd5+ 27. f3 Nf5 28. Nxf5 Qxf3+ 29. R4g2 Rxg2 30. Rxg2 Qd1+ 31. Rg1 Qd5+ 32. Rg2 Qxf5 33.
h3 Rxc3 34. Qd8+ Kh7 35. Kh2 Rxe3 36. Qh4 Re4 37. Qg3 Qxf4 0-1

[Event "Early-Titled-Tuesday-Blitz-February-06-2024"]
[Site "Chess.com"]
[Date "2024.02.06"]
[Round "4"]
[White "valeriocarnicelli"]
[Black "Abund"]
[Result "0-1"]
[WhiteElo "2535"]
[BlackElo "2754"]
[TimeControl "180+1"]
[EndTime "8:39:34 PST"]
[Termination "Abund won by checkmate"]

1. e4 c6 2. d4 d5 3. Nc3 dxe4 4.
Nxe4 Bf5 5. Ng3 Bg6 6. Nf3 Nd7 7. h4 h6 8. h5 Bh7 9. Bd3 Bxd3 10. Qxd3 Ngf6 11.
Bd2 e6 12. O-O-O Qc7 13. Kb1 Bd6 14. Ne4 Nxe4 15. Qxe4 Nf6 16. Qd3 O-O-O 17. Rhe1 Nxh5 18. Qb3 Nf6 19. c4 c5 20. Bc3 Kb8 21. dxc5 Qxc5 22.
Bd4 Qc6 23. Ka1 Ka8 24. Qc3 Ne4 25. Qe3 f5 26. Bxa7 Bb4 27. Rh1 Qa4 28. Bd4 Rd6 29. Ne5 Rc8 30. f3 Nc5 31. Kb1 Ra6 32. a3 Nb3 33.
axb4 Qxb4 34. Qc3 Qa4 35. Rh4 Rd6 36. c5 Rxc5 37. Bxc5 Rxd1+ 38. Kc2 Nd4# 0-1

[Event "Early-Titled-Tuesday-Blitz-February-06-2024"]
[Site "Chess.com"]
[Date "2024.02.06"]
[Round "4"]
[White "aghasiyevkamal"]
[Black "FlemingA"]
[Result "1/2-1/2"]
[WhiteElo "2664"]
[BlackElo "2436"]
[TimeControl "180+1"]
[EndTime "8:39:34 PST"]
[Termination "Game drawn by repetition"]

1. d4 g6 2. c4 Bg7 3. Nc3 d6 4.
e4 Nc6 5. d5 Nb8 6. Nf3 Nf6 7.
Be2 O-O 8. O-O Bg4 9. Be3 c6 10.
Nd2 Bxe2 11. Qxe2 Nbd7 12. dxc6 bxc6 13. c5 Nxc5 14. Bxc5 dxc5 15. Nc4 Qc7 16. Na4 Nd7 17. Rad1 Rfd8 18. b3 Bd4 19. Nab2 Nb6 20. Nd3 Nxc4 21. bxc4 Qd7 22. Qc2 Qg4 23. Rde1 Rab8 24. Kh1 Rb7 25. f4 Rdb8 26. h3 Qh4 27. Qe2 Qf6 28. f5 Qg5 29. Qf3 f6 30. fxg6 hxg6 31. e5 f5 32. Qxc6 Kg7 33.
Nf4 Kh7 34. Ne6 Qg3 35. Nxd4 cxd4 36. Qd5 Rb2 37. Rg1 Rd2 38. Ref1 Rbb2 39. Rf3 Qg5 40.
Qf7+ Kh8 41. Qf8+ Kh7 42. Qf7+ Kh8 43. Qf8+ Kh7 44. Qf7+ 1/2-1/2

[Event "Early-Titled-Tuesday-Blitz-February-06-2024"]
[Site "Chess.com"]
[Date "2024.02.06"]
[Round "4"]
[White "soloderisas"]
[Black "smotherhubbard"]
[Result "1-0"]
[WhiteElo "2517"]
[BlackElo "2361"]
[TimeControl "180+1"]
[EndTime "8:39:34 PST"]
[Termination "soloderisas won by checkmate"]

1. d4 Nf6 2. Nf3 e6 3. Bf4 c5 4. e3 b6 5. Nbd2 Bb7 6. Nc4 Ne4 7. Bd3 d6 8. dxc5 Nxc5 9. Be2 d5 10. Nce5 Nbd7 11. c4 Be7 12. cxd5 Bxd5 13. Bb5 a6 14. Nxd7 Nxd7 15. Ba4 Bb4+ 16. Nd2 O-O 17. O-O Nc5 18. Bc2 Qf6 19. a3 Bxd2 20. Qxd2 Be4 21. Bxe4 Nxe4 22. Qb4 Nc5 23. Qxb6 Nd3 24. Bd6 Rfc8 25.
b4 Rc2 26. Bg3 h5 27. Rad1 Nb2 28. Rd4 g5 29. h4 g4 30. Qb7 Rac8 31. Qxa6 Rc1 32.
Kh2 Qf5 33. Rf4 Qb1 34. Qb7 Rxf1 35. Qxf7+ Kh8 36. Qxh5+ Kg8 37. Qg5+ Kh8 38. Rf8+ Rxf8 39. Be5+ Kh7 40. Qg7# 1-0

[Event "Early-Titled-Tuesday-Blitz-February-06-2024"]
[Site "Chess.com"]
[Date "2024.02.06"]
[Round "4"]
[White "Viktor_Poddubnyi"]
[Black "kibromNNN"]
[Result "1-0"]
[WhiteElo "2266"]
[BlackElo "1777"]
[TimeControl "180+1"]
[EndTime "8:39:34 PST"]
[Termination "Viktor_Poddubnyi won by checkmate"]

1. e4 e5 2. f4 exf4 3. Nf3 h6 4. d4 g5 5. g3 fxg3 6. hxg3 Bg7 7. Nc3 d6 8. Be3 Nc6 9. Qd2 Bg4 10. Be2 Nge7 11. O-O-O Qd7 12. Nd5 O-O-O 13. c3 f5 14. Nxe7+ Nxe7 15.
exf5 Bxf5 16. b3 Kb8 17. Rdf1 Nd5 18. Bf2 Qc6 19. Kb2 Be4 20. Rhg1 Rhf8 21. Ne1 Rxf2 22. Rxf2 Nxc3 23. Qxc3 Bxd4 24. Qxd4 d5 25. Rgf1 b6 26. Rf8 Rxf8 27. Rxf8+ Kb7 28. Bd3 Bh1 29. Rf1 Be4 30. Bxe4 dxe4 31. Nc2 h5 32. Re1 Qh6 33. Qxe4+ Kb8 34.
Nd4 a5 35. Nc6+ Kc8 36. Rc1 h4 37. Qe8+ Kb7 38. Qb8+ Ka6 39. Qa8+ Kb5 40. a4# 1-0

[Event "Early-Titled-Tuesday-Blitz-February-06-2024"]
[Site "Chess.com"]
[Date "2024.02.06"]
[Round "4"]
[White "Sina_Movahed"]
[Black "kpio91"]
[Result "0-1"]
[WhiteElo "3014"]
[BlackElo "2840"]
[TimeControl "180+1"]
[EndTime "8:39:35 PST"]
[Termination "kpio91 won by resignation"]

1. e4 e6 2. d4 d5 3. e5 c5 4. c3 Bd7 5. Nf3 Qb6 6. Be2 Bb5 7. dxc5 Bxc5 8. b4 Bf8 9. Be3 Bxe2 10. Qxe2 Qc7 11. O-O Ne7 12. Na3 Nf5 13. Nb5 Qd7 14. Bc5 a6 15. Nbd4 Bxc5 16. bxc5 Ne7 17. Rab1 Nbc6 18. Rb6 O-O 19. Rfb1 Nd8 20. Nd2 Qc7 21.
N2b3 Ndc6 22. f4 Rac8 23. Qf2 Qd7 24. h3 Rc7 25. Nd2 Na5 26. Rd6 Qc8 27. g4 Rxc5 28. f5 Rxc3 29. f6 Ng6 30. fxg7 Kxg7 31. Rf1 Nc4 32.
Nxc4 Rxc4 33. h4 Qc5 34. Rd1 Nxe5 35. Rxe6 Rxd4 36. Qf6+ Kg8 37. Rxd4 Qxd4+ 0-1

[Event "Early-Titled-Tuesday-Blitz-February-06-2024"]
[Site "Chess.com"]
[Date "2024.02.06"]
[Round "4"]
[White "Brahianzevich"]
[Black "ukchessbomber"]
[Result "0-1"]
[WhiteElo "2445"]
[BlackElo "2655"]
[TimeControl "180+1"]
[EndTime "8:39:35 PST"]
[Termination "ukchessbomber won by checkmate"]

1. e4 a6 2. d4 b6 3. Bd3 Bb7 4. Nd2 d6 5. Ngf3 Nd7 6. Qe2 e6 7. O-O h6 8. c3 g6 9. Re1 Bg7 10.
Nf1 Ne7 11. Ng3 O-O 12. h4 e5 13. a4 f5 14. exf5 gxf5 15. Nh5 e4 16. Nxg7 Kxg7 17. Bc4 Ng6 18. Qd2 f4 19. h5 exf3 20. hxg6 Qg5 21. g3 Rae8 22. Rxe8 Rxe8 23. Qxf4 Re1+ 24. Kh2 Qxf4 25.
gxf4 Kxg6 26. Bd3+ Kh5 27. Rb1 Nf6 28. Be3 Rxb1 29.
Bxb1 Kg4 30. Bd3 a5 31. Bg6 Be4 32. Bf7 Bf5 33. b4 h5 34. c4 axb4 35. c5 dxc5 36.
dxc5 bxc5 37. Bxc5 Kxf4 38. Bxb4 Ne4 39. a5 Nxf2 40. a6 Ng4+ 41. Kh1 Be4 42. Bd2+ Kg3 43. Kg1 f2+ 44. Kf1 Bd3# 0-1

[Event "Early-Titled-Tuesday-Blitz-February-06-2024"]
[Site "Chess.com"]
[Date "2024.02.06"]
[Round "4"]
[White "Iana_Shirova"]
[Black "MikeSailer"]
[Result "0-1"]
[WhiteElo "2259"]
[BlackElo "2065"]
[TimeControl "180+1"]
[EndTime "8:39:35 PST"]
[Termination "MikeSailer won by checkmate"]

1. e4 d5 2. exd5 Qxd5 3. Nc3 Qd6 4. d4 c6 5. Nf3 Nf6 6. Ne5 Nbd7 7. Bf4 Qb4 8. Rb1 Nd5 9. Nd3 Nxc3 10. bxc3 Qxc3+ 11.
Bd2 Qxd4 12. Be2 e6 13. O-O Be7 14. Rb3 O-O 15. Bc3 Qh4 16. g3 Qh6 17. Bd2 Bg5 18. f4 Bf6 19. g4 Bd4+ 20. Kg2 b6 21. f5 Qh4 22. Nf4 exf5 23. Rh3 Qe7 24. Bd3 Bb7 25.
Bxf5 c5+ 26. Kg3 Nf6 27. g5 Ne4+ 28. Bxe4 Qxe4 29. Qh5 Rae8 30. g6 h6 31. Rh4 fxg6 32. Qxg6 Rxf4 33. Rhxf4 Qg2+ 34. Kh4 Qxg6 35. h3 Bf6+ 36.
Rxf6 gxf6 37. c4 Re4+ 38. Bf4 Qg5# 0-1

[Event "Early-Titled-Tuesday-Blitz-February-06-2024"]
[Site "Chess.com"]
[Date "2024.02.06"]
[Round "4"]
[White "Hovik_Hayrapetyan"]
[Black "IMRosen"]
[Result "1-0"]
[WhiteElo "2902"]
[BlackElo "2697"]
[TimeControl "180+1"]
[EndTime "8:39:36 PST"]
[Termination "Hovik_Hayrapetyan won by checkmate"]

1. d4 d5 2. c4 e6 3. Nc3 Nf6 4. Nf3 Nbd7 5. Bf4 Bb4 6. e3 c5 7.
Be2 Qa5 8. O-O Bxc3 9. bxc3 O-O 10. Qb3 b6 11. Ne5 Nxe5 12. Bxe5 Ne4 13. Qc2 Ba6 14.
cxd5 Bxe2 15. Qxe2 exd5 16. c4 f6 17. Bg3 cxd4 18.
exd4 Rfe8 19. Qd3 Qa6 20. Rac1 dxc4 21. Rxc4 Nd2 22. Qxd2 Qxc4 23. d5 Rad8 24. d6 f5 25. h4 Re4 26. Qg5 Qc8 27. Rc1 Qb8 28. Rc7 Rg4 29.
Qxf5 Rxg3 30. fxg3 Rf8 31. Qe6+ Kh8 32. Kh2 h5 33. Qe5 Qd8 34. Qxg7# 1-0

[Event "Early-Titled-Tuesday-Blitz-February-06-2024"]
[Site "Chess.com"]
[Date "2024.02.06"]
[Round "4"]
[White "Cubitas"]
[Black "BigAl"]
[Result "1-0"]
[WhiteElo "2723"]
[BlackElo "2524"]
[TimeControl "180+1"]
[EndTime "8:39:36 PST"]
[Termination "Cubitas won by resignation"]

1. e4 c6 2. d4 d5 3. e5 Bf5 4. Ne2 e6 5. Ng3 Bg6 6. h4 h6 7.
h5 Bh7 8. Bd3 Bxd3 9. Qxd3 c5 10. dxc5 Nd7 11. Bf4 Nxc5 12. Qb5+ Qd7 13. Qe2 Ne7 14. Nc3 Nc6 15. O-O-O a6 16. Nge4 Nxe4 17. Nxe4 Be7 18. g4 O-O-O 19. Rh3 Kb8 20. a3 Ka8 21.
Kb1 Rc8 22. c4 f6 23. exf6 gxf6 24. cxd5 exd5 25. Rhd3 Rhg8 26. f3 d4 27. Ng3 Bd6 28.
Bxd6 Qxd6 29. Nf5 Qf4 30. Nxd4 Nxd4 31. Rxd4 Rc1+ 32. Rxc1 Qxd4 33. Rc7 Rd8 34. Qc2 Qg1+ 35. Ka2 Qb6 36. Rc8+ Rxc8 37. Qxc8+ Ka7 38. Qc3 Qe6+ 39. Kb1 f5 40. Qc5+ Ka8 41. Qxf5 Qb3 42. Qf8+ Ka7 43. Qc5+ Ka8 44. Qf5 Qd1+ 45. Ka2 Qe2 46. Qf8+ Ka7 47. Qc5+ Ka8 48. Qd5 Qe3 49. g5 hxg5 50. h6 Qe7 51.
Qg8+ Ka7 52. h7 g4 53. h8=Q 1-0

[Event "Early-Titled-Tuesday-Blitz-February-06-2024"]
[Site "Chess.com"]
[Date "2024.02.06"]
[Round "4"]
[White "ArturoCaceres"]
[Black "alekroth65"]
[Result "0-1"]
[WhiteElo "2503"]
[BlackElo "2382"]
[TimeControl "180+1"]
[EndTime "8:39:36 PST"]
[Termination "alekroth65 won on time"]

1. e4 e5 2. Nf3 Nc6 3. Bb5 a6 4. Bxc6 dxc6 5. Nc3 f6 6. d3 c5 7. Be3 b6 8. a4 Ne7 9. Nd2 Nc6 10. O-O Be6 11.
f4 exf4 12. Bxf4 Bd6 13. Bxd6 Qxd6 14. Nf3 O-O 15. b3 Rad8 16. Qe1 Nd4 17. Qf2 Nxf3+ 18. gxf3 f5 19. Qe3 f4 20. Qf2 Bh3 21. Rfe1 Rf6 22.
Kh1 Rg6 23. Rg1 Qe5 24. Ne2 Bg2+ 25. Qxg2 Rxg2 26. Kxg2 Qb2 27. Rac1 Rxd3 28. cxd3 Qxe2+ 29. Kh1 Qxf3+ 30. Rg2 Qxd3 31. Re1 Kf7 32. e5 g6 33. Rf2 g5 34. e6+ Ke7 35. Kg1 f3 36. h3 h5 37.
Kh2 Qd6+ 38. Kh1 g4 39. hxg4 hxg4 40. Rh2 Qd3 41. Rg1 Qe4 42. Rf2 Kxe6 43. Kh2 Qe5+ 44. Rg3 Kf5 45. Rd2 Qe3 0-1

[Event "Early-Titled-Tuesday-Blitz-February-06-2024"]
[Site "Chess.com"]
[Date "2024.02.06"]
[Round "4"]
[White "Chesstiger64"]
[Black "viktorgen2021"]
[Result "1-0"]
[WhiteElo "2278"]
[BlackElo "2553"]
[TimeControl "180+1"]
[EndTime "8:39:37 PST"]
[Termination "Chesstiger64 won on time"]

1. d4 Nf6 2. Nf3 g6 3. e3 Bg7 4. Be2 O-O 5. c4 d6 6. Nc3 b6 7.
O-O Bb7 8. b4 a5 9. bxa5 Rxa5 10. a4 Nbd7 11. Nd2 e5 12. Nb3 Ra8 13. Bf3 Qc8 14.
Bb2 Re8 15. a5 h5 16. Nb5 h4 17. h3 g5 18. axb6 Nxb6 19. Rxa8 Bxa8 20. c5 dxc5 21. Nxc5 Bxf3 22. Qxf3 e4 23. Qe2 g4 24. hxg4 Nxg4 25. Nc3 h3 26. N3xe4 hxg2 27. Kxg2 f5 28. Ng5 f4 29.
Qf3 Qf5 30. exf4 Nd5 31. Bc1 Bxd4 32. Nce6 Bb6 33. Rd1 Ndf6 34. Rd8 Nxf2 35. Rxe8+ Nxe8 36. Kf1 Nd3 37. Qg3 Nxc1 38. Ne4+ 1-0

[Event "Early-Titled-Tuesday-Blitz-February-06-2024"]
[Site "Chess.com"]
[Date "2024.02.06"]
[Round "4"]
[White "FMStan15"]
[Black "Louis-Paulsen-Fan"]
[Result "1-0"]
[WhiteElo "2019"]
[BlackElo "2264"]
[TimeControl "180+1"]
[EndTime "8:39:37 PST"]
[Termination "FMStan15 won on time"]

1. e4 Nf6 2. Nc3 e5 3. Nf3 Nc6 4. Bc4 Nxe4 5. Bxf7+ Kxf7 6. Nxe4 d5 7. Ng3 e4 8. Ng1 Bc5 9. d3 Re8 10. dxe4 dxe4 11.
Qh5+ Kg8 12. Qxc5 Nd4 13. Be3 Ne6 14. Qc4 Kh8 15. Nxe4 b6 16. Ne2 Bb7 17. N2g3 Bd5 18. Qd3 h6 19. c4 Bb7 20. Qxd8 Raxd8 21. O-O Rd3 22. Rfd1 Red8 23. Rxd3 Rxd3 24. Rc1 g5 25. Kf1 Nf4 26. h3 c5 27. b3 Kg7 28. Nf5+ Kg6 29.
Ned6 Bc6 30. f3 Bd7 31. Bxf4 gxf4 32. Ke2 Bxf5 33. Nxf5 Rd7 34. g4 fxg3 35. Nxg3 Kg5 36. Rg1 h5 37. Ne4+ Kh4 38. Kf2 a6 39. Rg5 Re7 40. Rd5 Rh7 41. a3 Rh8 42. Ng5 Rg8 43.
f4 1-0

[Event "Early-Titled-Tuesday-Blitz-February-06-2024"]
[Site "Chess.com"]
[Date "2024.02.06"]
[Round "4"]
[White "DenLaz"]
[Black "Willhaven3"]
[Result "1-0"]
[WhiteElo "3053"]
[BlackElo "2627"]
[TimeControl "180+1"]
[EndTime "8:39:38 PST"]
[Termination "DenLaz won by resignation"]

1. d4 Nf6 2. c4 e6 3. Nf3 d5 4. g3 Be7 5. Bg2 Ne4 6. O-O f5 7. Nc3 O-O 8. Qc2 c6 9. Rb1 a5 10. a3 Bf6 11. b4 axb4 12. axb4 Nd7 13. b5 Nxc3 14. Qxc3 Nb6 15. c5 Nc4 16. Bf4 Ra3 17.
Qc1 Ra2 18. Re1 Na3 19. bxc6 bxc6 20. Rb8 Qa5 21. e3 Nb5 22. Bf1 Nc3 23. Rb2 Ne4 24.
Rxa2 Qxa2 25. Re2 Qa5 26. Rc2 Ba6 27. Bxa6 Qxa6 28. Kg2 Ra8 29. Rb2 Qd3 30. Qc2 Qa3 31. Be5 Be7 32. Rb7 Bf8 33. Bf4 Qa1 34. Rb2 Qa3 35.
Ne5 Rc8 36. Nd3 Qa1 37. Ra2 Qc3 38. Qxc3 Nxc3 39. Ra6 Nb5 40. Ne5 h6 41. Nxc6 g5 42. Be5 Nc3 43. Na7 Ra8 44. c6 Nb5 45. c7 Nxc7 46. Bxc7 Be7 47. Ra5 Kf7 48. Nc6 Rxa5 49. Bxa5 Bb4 50. Bxb4 1-0

[Event "Early-Titled-Tuesday-Blitz-February-06-2024"]
[Site "Chess.com"]
[Date "2024.02.06"]
[Round "4"]
[White "secrethawk1"]
[Black "traviscottofficial"]
[Result "1-0"]
[WhiteElo "2505"]
[BlackElo "2690"]
[TimeControl "180+1"]
[EndTime "8:39:38 PST"]
[Termination "secrethawk1 won by resignation"]

1. e4 c5 2. Nf3 g6 3. d4 cxd4 4. Nxd4 Bg7 5. c4 Nc6 6. Be3 Nf6 7. Nc3 O-O 8. Be2 d6 9. O-O Bd7 10. Qd2 Rc8 11. Rac1 Re8 12. Rfd1 Ng4 13. Nxc6 Rxc6 14. Bd4 Nf6 15. Bd3 b6 16. Nd5 e5 17. Nxf6+ Bxf6 18. Be3 Be7 19. b3 f5 20. f4 Bf6 21. exf5 e4 22.
Bxe4 Rxe4 23. Qd5+ Kg7 24. Qxe4 gxf5 25. Qf3 Qe8 26. Bd4 Qe4 27. Qc3 d5 28. Bxf6+ Rxf6 29. Rxd5 Bc6 30. Re1 Qxf4 31. Rd3 Kf7 32. Rde3 Qg4 33.
Re7+ Kg6 34. Qxf6+ Kxf6 35. R1e6+ Kg5 36. Rg7+ 1-0

[Event "Early-Titled-Tuesday-Blitz-February-06-2024"]
[Site "Chess.com"]
[Date "2024.02.06"]
[Round "4"]
[White "Mesa_1"]
[Black "Kapitan_Bayan"]
[Result "1-0"]
[WhiteElo "2545"]
[BlackElo "2386"]
[TimeControl "180+1"]
[EndTime "8:39:38 PST"]
[Termination "Mesa_1 won on time"]

1. Nf3 d5 2. d4 Nf6 3. c4 g6 4. cxd5 Qxd5 5. Nc3 Qf5 6. e3 Bg7 7. Bd3 Qa5 8. O-O O-O 9. h3 c6 10. e4 Rd8 11. Qe2 Qc7 12. Rd1 Nbd7 13. Bg5 h6 14. Be3 Nb6 15. Rac1 Be6 16. b3 Rd7 17. d5 cxd5 18.
exd5 Bf5 19. Bb5 Rdd8 20. Ne4 Qb8 21. Nxf6+ Bxf6 22. Nd4 Be4 23. Bxh6 Bxd5 24. Qe3 a6 25. Be2 Nc8 26. Nf3 e6 27. Bf4 Qa7 28. Bc7 Qxe3 29. fxe3 Re8 30. Ne5 Ne7 31. Kf2 Nf5 32. Ng4 Bh4+ 33.
g3 Bg5 34. h4 Be7 35. Bd3 Bc6 36. Be5 Rad8 37. e4 Ng7 38. Ke3 Nf5+ 39. exf5 exf5 40. Nh6+ Kh7 41. Nxf7 Bc5+ 42. Kf4 1-0

[Event "Early-Titled-Tuesday-Blitz-February-06-2024"]
[Site "Chess.com"]
[Date "2024.02.06"]
[Round "4"]
[White "LuisFSiles"]
[Black "HelvertHernandez"]
[Result "1-0"]
[WhiteElo "2246"]
[BlackElo "1921"]
[TimeControl "180+1"]
[EndTime "8:39:38 PST"]
[Termination "LuisFSiles won on time"]

1. d4 Nf6 2. c4 g6 3. Nc3 Bg7 4. e4 d6 5. Nf3 O-O 6. Be2 e5 7. O-O Nc6 8. d5 Ne7 9. b4 Nd7 10. c5 f5 11. cxd6 cxd6 12. Ng5 Nf6 13. b5 h6 14. Ne6 Bxe6 15. dxe6 d5 16. Ba3 Nxe4 17.
Nxe4 fxe4 18. Bxe7 Qxe7 19. Qxd5 Rad8 20. Qxe4 Rd4 21.
Qxg6 Rf6 22. Qh5 Qxe6 23. Rac1 Qxa2 24. Qxe5 Rf8 25. Qxd4 Bxd4 26. Bc4+ Qxc4 27. Rxc4 Bb6 28. g3 Rf7 29. Kg2 Kg7 30. f4 Re7 31. Rd1 Re2+ 32.
Kf3 Rf2+ 33. Kg4 Rxh2 34. Rd7+ Kf6 35. Rxb7 h5+ 36. Kf3 Rf2+ 37. Ke4 Re2+ 38. Kd5 Rd2+ 39. Kc6 Rg2 40. Rc3 Kf5 41. Rg7 Ke4 42. Rc4+ Bd4 43.
Rd7 Rd2 44. f5 1-0

[Event "Early-Titled-Tuesday-Blitz-February-06-2024"]
[Site "Chess.com"]
[Date "2024.02.06"]
[Round "4"]
[White "Let_it_be_1"]
[Black "Tesla37"]
[Result "1/2-1/2"]
[WhiteElo "2590"]
[BlackElo "2847"]
[TimeControl "180+1"]
[EndTime "8:39:39 PST"]
[Termination "Game drawn by repetition"]

1. e4 c5 2. Nf3 e6 3. d4 cxd4 4. Nxd4 Nc6 5. Nc3 a6 6. Be2 d6 7. O-O Nf6 8. Be3 Be7 9. f4 O-O 10. a4 Bd7 11. Nb3 b6 12. Bf3 Qc7 13. Qe2 Bc8 14.
e5 dxe5 15. fxe5 Nd7 16. Bf4 Bb7 17. Kh1 Rad8 18. Rae1 Nc5 19. Nxc5 Bxc5 20. Be4 Nd4 21. Qg4 Nf5 22. Bg5 Rd4 23. Bf6 g6 24. Qf3 Rb8 25. Bxb7 Qxb7 26. Ne4 Bf8 27. g4 Nh6 28. Bg5 Rxa4 29. b3 Ra2 30. Qf4 Rc8 31. Bxh6 Bxh6 32. Qxh6 Rcxc2 33. Rf4 Re2 34. Rd1 Rad2 35. Rxd2 Rxd2 36.
Qg5 Rd4 37. Qf6 Rxe4 38. Qd8+ Kg7 39. Qf6+ Kg8 40. Qd8+ Kg7 41. Qf6+ Kf8 42. Qd8+ Kg7 1/2-1/2